 Dungeon Crawl Stone Soup version 0.21.1-1-g345015f (webtiles) character file.

24 nicolaieve the Chopper (level 3, -1/28 HPs)
             Began as a Gnoll Wanderer on July 16, 2018.
             Slain by a rat (2 damage)
             ... on level 1 of the Dungeon.
             The game lasted 00:05:20 (1186 turns).

nicolaieve the Chopper (Gnoll Wanderer)             Turns: 1186, Time: 00:05:21

Health: -1/28      AC:  2    Str: 16    XL:     3   Next: 2%
Magic:  7/7        EV:  9    Int: 13    God:
Gold:   36         SH:  8    Dex: 14    Spells: 7/7 levels left

rFire    . . .     SeeInvis .   b - +0 hand crossbow
rCold    . . .     Gourm    .   a - +0 shield
rNeg     . . .     Faith    .   e - +0 robe
rPois    .         Spirit   .   (no helmet)
rElec    .         Reflect  .   (no cloak)
rCorr    .         Harm     .   (no gloves)
MR       .....                  (no boots)
Stlth    ++........             (no amulet)
HPRegen  0.09/turn              (no ring)
MPRegen  0.10/turn              (no ring)

@: starving
A: distributed training, fangs 1, strong nose
a: no special abilities


You were on level 1 of the Dungeon.
You were starving.

You visited 1 branch of the dungeon, and saw 1 of its levels.

You collected 36 gold pieces.

Inventory:

Hand Weapons
 b - a +0 hand crossbow (weapon)
Missiles
 c - 14 bolts (quivered)
Armour
 a - a +0 shield (worn)
 e - a +0 robe (worn)
 j - a scarf of spirit shield
Scrolls
 g - 6 scrolls of identify {unknown}
 h - a scroll of immolation {unknown}
 i - a scroll of remove curse {unknown}
 k - a scroll of teleportation {unknown}
 l - a scroll of amnesia {unknown}
Potions
 m - a potion of curing {unknown}
 n - a potion of berserk rage {unknown}
Books
 d - the Guide on Stones

   Spells                             Type                      Level
   a - Sandblast                      Earth                        1
   b - Stone Arrow                    Conjuration/Earth            3
Comestibles
 f - 2 rations


   Skills:
 + Level 2.5 Fighting
 + Level 0.5 Short Blades
 + Level 0.5 Long Blades
 + Level 6.5 Axes
 + Level 0.5 Maces & Flails
 + Level 0.5 Polearms
 + Level 0.5 Staves
 + Level 0.5 Slings
 + Level 0.5 Bows
 + Level 0.5 Crossbows
 + Level 2.5 Throwing
 + Level 2.5 Armour
 + Level 0.5 Dodging
 + Level 0.5 Stealth
 + Level 2.5 Shields
 + Level 0.5 Unarmed Combat
 + Level 2.7 Spellcasting
 + Level 0.4 Conjurations
 + Level 2.0 Hexes
 + Level 0.4 Charms
 + Level 0.4 Summonings
 + Level 0.4 Necromancy
 + Level 0.4 Translocations
 + Level 0.4 Transmutations
 + Level 0.4 Fire Magic
 + Level 0.4 Ice Magic
 + Level 0.4 Air Magic
 + Level 2.0 Earth Magic
 + Level 0.4 Poison Magic
 + Level 0.7 Invocations
 + Level 0.5 Evocations


You had 7 spell levels left.
You didn't know any spells.

Dungeon Overview and Level Annotations

Branches:
Dungeon (1/15)

Altars:


Innate Abilities, Weirdness & Mutations

Your experience applies equally to all skills.
You have very sharp teeth.
Your uncanny sense of smell can sniff out nearby items.


Message History

You swing at nothing.
The rat misses you.
You swing at nothing.
The rat closely misses you. The rat bites you but does no damage.
You swing at nothing.
The rat barely misses you.
You swing at nothing.
The rat barely misses you. The rat bites you.
* * * LOW HITPOINT WARNING * * *
You swing at nothing.
You block the rat's attack. x2
You swing at nothing.
You block the rat's attack.
You swing at nothing.
You block the rat's attack. The rat barely misses you.
You swing at nothing.
The rat twitches its whiskers.
The rat closely misses you.
You swing at nothing.
You block the rat's attack. The rat bites you but does no damage.
You swing at nothing.
You block the rat's attack. The rat barely misses you.
You swing at nothing.
The rat closely misses you.
You swing at nothing.
You block the rat's attack. The rat bites you.
* * * LOW HITPOINT WARNING * * *
You swing at nothing.
The rat bites you.
You die...

###
#.#################.#
#............@r.!...#
####.#################.#
#................[..#
#.##.##############.#
#.##.# #.##.# #.##.#
#.##.# #.##.# #.##.#
#..#.# #####.##.#####
##.#.# #.............


You could see a rat.

Vanquished Creatures
  A dart slug (D:1)
  3 bats (D:1)
  3 giant cockroaches (D:1)
  5 goblins (D:1)
  2 hobgoblins (D:1)
  2 kobolds (D:1)
  A frilled lizard (D:1)
  3 rats (D:1)
20 creatures vanquished.

Notes
Turn   | Place    | Note
-------+----------+-------------------------------------------
     0 | D:1      | nicolaieve the Gnoll Wanderer began the quest for the Orb.
     0 | D:1      | nicolaieve set off with: a +0 shield, a +0 hand crossbow, 22 bolts, the Guide on Stones, a +0 robe, a ration
     0 | D:1      | Reached XP level 1. HP: 17/17 MP: 4/4
     0 | D:1      | Identified the Guide on Stones
    86 | D:1      | Reached XP level 2. HP: 23/23 MP: 5/5
   522 | D:1      | Reached XP level 3. HP: 28/28 MP: 7/7
  1177 | D:1      | HP: 1/28 [rat (3)]
  1185 | D:1      | HP: 1/28 [rat (1)]
  1186 | D:1      | Slain by a rat

Skill      XL: |  1 |
---------------+----+-----
Hexes          | 2 |  2.0
Earth Magic    | 2 |  2.0
Fighting       | |  2.5
Short Blades   | |  0.5
Long Blades    | |  0.5
Axes           | |  6.5
Maces & Flails | |  0.5
Polearms       | |  0.5
Staves         | |  0.5
Slings         | |  0.5
Bows           | |  0.5
Crossbows      | |  0.5
Throwing       | |  2.5
Armour         | |  2.5
Dodging        | |  0.5
Stealth        | |  0.5
Shields        | |  2.5
Unarmed Combat | |  0.5
Spellcasting   | |  2.7
Conjurations   | |  0.4
Charms         | |  0.4
Summonings     | |  0.4
Necromancy     | |  0.4
Translocations | |  0.4
Transmutations | |  0.4
Fire Magic     | |  0.4
Ice Magic      | |  0.4
Air Magic      | |  0.4
Poison Magic   | |  0.4
Invocations    | |  0.7
Evocations     | |  0.5

Action                   || total
-------------------------++-------
Melee: Hand crossbow     ||    68
       Bite              ||     8
 Fire: Hand crossbow     ||    46
Armor: Robe              ||   120
Dodge: Dodged            ||   152
Block: Shield            ||   193
